Map: Prion Terraces

Players

음란물 - Winner!

  • Race: Zerg Zerg
  • League: Platinum

ILLBdA

  • Race: Protoss Protoss
  • League: Diamond

VOD

Have the link to the VOD?

Description

Time

  • Played on: Jan. 2, 2016, 6:44 a.m.
  • Length: 6:56
Show
View Real Time Build Order
Export as new Build Order

음란물 Zerg - Winner!

Build Orders: Hatch First 

Get SALT Encoding   

  12  0:01  Drone  
  13  0:13  Overlord  
  13  0:17  Drone  
  14  0:31  Drone x2  
  16  0:35  Drone  
  17  0:54  Hatchery  
  16  0:58  Drone  
  16  1:00  Drone  
  18  1:10  Drone  
  19  1:12  Extractor  
  18  1:21  Spawning Pool  
  18  1:23  Drone  
  18  1:32  Drone  
  19  1:45  Overlord  
  19  1:57  Drone  
  21  2:10  Queen  
  21  2:14  Metabolic Boost  
  23  2:15  Spine Crawler  
  23  2:17  Zergling x2  
  23  2:18  Spine Crawler, Zergling x2  
  21  2:37  Drone  
  21  2:38  Drone  
  23  2:44  Drone  
  23  2:46  Queen  
  26  2:55  Drone  
  27  2:59  Hatchery  
  26  3:19  Drone x2  
  28  3:22  Extractor  
  27  3:35  Drone  
  28  3:44  Lair  
  28  3:48  Drone  
  29  3:51  Roach Warren  
  27  4:23  Drone x2  
  29  4:32  Hatchery  
  28  4:39  Roach x2  
  28  4:40  Roach  
  28  4:41  Overlord x6  
  34  4:53  Nydus Network  
  33  5:06  Roach  
  33  5:07  Roach x2  
  39  5:15  Overseer  
  39  5:19  Drone  
  39  5:20  Drone x3  
  43  5:44  Queen x2  
  43  5:49  Nydus Canal  
  47  5:53  Roach  
  47  5:54  Roach  
  51  6:02  Overseer  
  51  6:11  Roach x3  
  57  6:12  Roach  
  54  6:26  Roach x3  
  60  6:37  Nydus Canal  
Show
View Real Time Build Order
Export as new Build Order

ILLBdA Protoss 

Build Orders: Cannon Rush 

Get SALT Encoding   

  12  0:01  Probe (Chrono Boost)  
  13  0:11  Probe (Chrono Boost)  
  14  0:20  Pylon  
  14  0:22  Probe (Chrono Boost)  
  15  0:38  Probe (Chrono Boost)  
  15  0:40  Forge  
  16  0:48  Probe (Chrono Boost)  
  17  0:59  Probe (Chrono Boost)  
  18  1:09  Probe (Chrono Boost)  
  19  1:14  Pylon  
  19  1:16  Pylon  
  19  1:17  Pylon  
  19  1:31  Pylon  
  19  1:32  Photon Cannon  
  19  1:33  Assimilator  
  19  1:39  Probe (Chrono Boost)  
  20  1:50  Photon Cannon  
  20  1:52  Photon Cannon  
  21  1:54  Probe (Chrono Boost)  
  21  1:59  Pylon  
  21  2:04  Probe (Chrono Boost)  
  23  2:30  Nexus  
  23  2:36  Gateway  
  22  2:41  Assimilator  
  22  2:43  Pylon  
  22  2:46  Assimilator  
  22  2:51  Probe (Chrono Boost)  
  23  3:04  Probe (Chrono Boost)  
  24  3:15  Probe (Chrono Boost)  
  24  3:18  Photon Cannon  
  25  3:25  Probe (Chrono Boost)  
  25  3:26  Cybernetics Core  
  26  3:30  Photon Cannon  
  27  3:41  Probe (Chrono Boost)  
  27  3:42  Probe (Chrono Boost)  
  27  3:45  Pylon  
  28  3:52  Probe (Chrono Boost)  
  28  3:53  Probe (Chrono Boost)  
  30  4:00  Pylon  
  30  4:02  Probe (Chrono Boost)  
  31  4:04  Mothership Core (Chrono Boost)  
  31  4:09  Sentry  
  35  4:19  Probe (Chrono Boost), Pylon  
  35  4:21  Warp Gate  
  35  4:22  Probe (Chrono Boost)  
  37  4:36  Stargate  
  37  4:39  Gateway, Pylon  
  37  4:48  Adept  
  37  4:49  Probe (Chrono Boost)  
  40  4:57  Photon Cannon  
  40  4:59  Probe (Chrono Boost)  
  41  5:01  Probe (Chrono Boost)  
  42  5:09  Probe (Chrono Boost)  
  42  5:12  Probe (Chrono Boost)  
  44  5:14  Stargate  
  44  5:15  Pylon  
  44  5:19  Assimilator  
  44  5:20  Phoenix (Chrono Boost)  
  46  5:24  Probe (Chrono Boost)  
  47  5:31  Probe (Chrono Boost)  
  47  5:33  Probe (Chrono Boost)  
  49  5:44  Phoenix (Chrono Boost)  
  51  5:56  Pylon  
  51  6:06  Phoenix (Chrono Boost)  
  41  6:19  Phoenix (Chrono Boost)  
  37  6:34  Adept x2  
  37  6:38  Probe  
  37  6:39  Probe  
Tags
 
Add a new tag
Caveats
  • Supply blocks, unpowered buildings, or Contaminate may cause inaccurate times.
  • Supply counts are checked every 10 seconds.